 Dungeon Crawl Stone Soup version 0.27-a0-1217-g8a41f320e8 (webtiles) character file.

Game seed: 6718363741554876194

294 bilbop the Cudgeller (level 6, -4/82 HPs)
             Began as a Minotaur Berserker on June 6, 2021.
             Was a Believer of Trog.
             Slain by a hobgoblin (5 damage)
             ... on level 4 of the Dungeon.
             The game lasted 00:11:05 (2897 turns).

bilbop the Cudgeller (Minotaur Berserker)           Turns: 2897, Time: 00:11:06

Health: -4/82      AC: -2    Str: 23    XL:     6   Next: 11%
Magic:  6/6        EV:  8    Int:  5    God:    Trog [**....]
Gold:   85         SH:  0    Dex:  9    Spells: 5/5 levels left

rFire    . . .     SeeInvis .   a - +0 whip
rCold    . . .     Faith    .   (no shield)
rNeg     . . .     Spirit   .   n - +0 chain mail
rPois    .         Reflect  .   (helmet restricted)
rElec    .         Harm     .   j - scarf {repulsion}
rCorr    .         Rampage  .   (no gloves)
Will     ++...                  (no boots)
Stlth    ..........             (no amulet)
HPRegen  1.23/turn              (no ring)
MPRegen  0.10/turn              (no ring)

@: berserking, strong-willed, corroded, regenerating, repel missiles, very quick
A: horns 2, retaliatory headbutt
a: Renounce Religion, Berserk, Trog's Hand


You were on level 4 of the Dungeon.
You worshipped Trog.
Trog was pleased with you.
You visited 1 branch of the dungeon, and saw 4 of its levels.

You collected 85 gold pieces.

Inventory:

Hand Weapons
 a - a +0 whip (weapon)
 b - a +0 hunting sling
 l - a +0 mace
Missiles
 t - 23 sling bullets
Armour
 c - a +0 leather armour
 j - a scarf of repulsion (worn)
 n - a +0 chain mail (worn)
 r - a +0 animal skin
Jewellery
 g - a ring of wizardry
Scrolls
 d - 3 scrolls of blinking {unknown}
 e - 2 scrolls of brand weapon {unknown}
 h - a scroll of torment {unknown}
 i - 4 scrolls of identify {unknown}
 k - a scroll of enchant weapon {unknown}
 m - 2 scrolls of teleportation {unknown}
Potions
 f - a potion of brilliance {unknown}
 o - a potion of heal wounds {unknown}
 p - 2 potions of cancellation {unknown}
 q - 2 potions of lignification {unknown}
 s - a potion of attraction {unknown}


   Skills:
 + Level 4.8 Fighting
 * Level 5.7 Maces & Flails
 + Level 1.1 Slings
 + Level 4.0 Armour
 - Level 2.1 Dodging
 + Level 2.5 Invocations


You had 5 spell levels left.
You didn't know any spells.
Your spell library was empty.

Dungeon Overview and Level Annotations

Branches:
Dungeon (4/15)
 Temple: D:4-7

Altars:


Innate Abilities, Weirdness & Mutations

You have a pair of horns on your head.
You reflexively headbutt those who attack you in melee.


Message History

Found a leather armour.
You completely miss something. You headbutt something. Something hits you.
* * * LOW HITPOINT WARNING * * *
Something hits you.
* * * LOW HITPOINT WARNING * * *
An orc comes into view.
It is wielding a +0 hand axe of electrocution.
Something hits you.
* * * LOW HITPOINT WARNING * * *
You closely miss something.
You feel less confused.
The orc shouts!
An orc comes into view. It is wielding a +0 flail.
The orc shouts!
You hit something but do no damage. Your headbutt misses something.
Something hits you.
* * * LOW HITPOINT WARNING * * *
You hit something. You headbutt something.
You hear some strange, mumbled words.
A puff of flame appears from out of thin air!
The puff of flame misses you.
You miss something. Your headbutt misses something. Something hits you.
* * * LOW HITPOINT WARNING * * *
The hobgoblin hits you.
* * * LOW HITPOINT WARNING * * *
Your skin crawls.
You feel strong-willed. Something hits you.
* * * LOW HITPOINT WARNING * * *
The hobgoblin hits you.
* * * LOW HITPOINT WARNING * * *
A red film seems to cover your vision as you go berserk!
You feel yourself moving faster!
You feel mighty! Something completely misses you. The hobgoblin hits you.
* * * LOW HITPOINT WARNING * * *
Your chain mail prevents you from hitting something.
Your headbutt misses something. You closely miss something. Something hits you.
* * * LOW HITPOINT WARNING * * *
The hobgoblin hits you.
You die...

.....[.. ## ...
#.........###....
...........>....
. #$....#......#
..#.....#.....#
..............#.
.......#g?......
.......@...##..##
.......{†<.......
........o##...#..
.........o...##
.............#
................
....##.........)
...# ...........
.. ####(.......


You could see 2 orcs and a hobgoblin.

Vanquished Creatures
  A necrophage (D:2)
  A scorpion (D:4)
  A jelly (D:4)
  Jessica (D:3)
  3 adders
  A worm (D:3)
  A dart slug (D:2)
  An orc (D:4)
  5 bats
  5 endoplasms (D:1)
  3 giant cockroaches
  4 goblins
  2 hobgoblins (D:1)
  6 jackals (D:2)
  5 kobolds
  4 quokkas
  9 ball pythons
  4 frilled lizards
  A rat (D:2)
58 creatures vanquished.

Notes
Turn   | Place    | Note
-------+----------+-------------------------------------------
     0 | D:1      | bilbop the Minotaur Berserker began the quest for the Orb.
     0 | D:1      | Reached XP level 1. HP: 19/19 MP: 0/0
   110 | D:1      | Reached XP level 2. HP: 21/27 MP: 1/1
   179 | D:1      | Found a faded altar of an unknown god.
   605 | D:1      | Reached skill level 4 in Maces & Flails
   605 | D:1      | Reached skill level 1 in Invocations
   852 | D:2      | Noticed a necrophage
   858 | D:2      | Killed a necrophage
   859 | D:2      | Reached XP level 3. HP: 34/34 MP: 1/3
   859 | D:2      | Reached XP level 4. HP: 41/41 MP: 1/4
   918 | D:2      | Reached ** piety under Trog
  1151 | D:2      | Reached skill level 5 in Maces & Flails
  1281 | D:2      | Reached XP level 5. HP: 47/47 MP: 5/5
  2077 | D:3      | Noticed Jessica
  2081 | D:3      | Killed Jessica
  2659 | D:4      | Noticed a phantom
  2708 | D:4      | Reached skill level 1 in Slings
  2713 | D:4      | Reached XP level 6. HP: 28/53 MP: 6/6
  2894 | D:4      | HP: 2/55 [hobgoblin (1)]
  2897 | D:4      | Slain by a hobgoblin

Illustrated notes

Levels and vault maps discovered:
D:1:      lemuel_arrival_behind_the_door_large, layout_loops_cross,
          shapermc_ecumenical_altar_venn
D:2:      layout_basic, grunt_ministairs_12
D:3:      layout_basic, uniq_jessica
D:4:      layout_cave_pools

Skill      XL: |  1  2  3  4  5  6 |
---------------+-------------------+-----
Maces & Flails | 4 5 |  5.7
Invocations    | 1 2 |  2.5
Fighting       | 4 |  4.8
Armour         | 3 4 |  4.0
Slings         | 1 |  1.1
Dodging        | |  2.1

Action                   |  1- 3 |  4- 6 || total
-------------------------+-------+-------++-------
Melee: Mace              |    16 |       ||    16
       Headbutt          |     8 |    23 ||    31
       Whip              |    15 |   118 ||   133
Invok: Berserk           |       |     2 ||     2
       Trog's Hand       |       |     1 ||     1
Armor: Leather armour    |     4 |     4 ||     8
       Chain mail        |       |    57 ||    57
Dodge: Dodged            |    19 |    54 ||    73

Table legend: (Time is in decaauts)
 A = Elapsed time spent in this place.
 B = Non-inter-level travel time spent in this place.
 C = Inter-level travel time spent in this place.
 D = Time resting spent in this place.
 E = Time spent auto-exploring this place.
 F = Levels seen in this place.
 G = Mean time per level.
                   A        B        C        D        E       F      G
               +--------+--------+--------+--------+--------+-----+--------+
         Total |   2892 |   2793 |     99 |    241 |   2218 |   4 |  723.0 |
       Dungeon |   2892 |   2793 |     99 |    241 |   2218 |   4 |  723.0 |
               +--------+--------+--------+--------+--------+-----+--------+

Top non-repeatable levels by time:
     D:2: 1015 daAuts
     D:3: 973 daAuts
     D:1: 854 daAuts
     D:4: 49 daAuts
